 Dungeon Crawl Stone Soup version 0.30-a0-723-gc1506a1cf0 (webtiles) character file.

Game seed: 1136247691095607436

2441 ASSMAN the Cleaver (level 9, -1/67 (71) HPs)
             Began as a Hill Orc Fire Elementalist on Jan 28, 2023.
             Was an Elder of Fedhas.
             Slain by a wight
             ... wielding a +4 halberd of freezing
              (3 damage)
             ... on level 7 of the Dungeon.
             The game lasted 00:16:18 (8393 turns).

ASSMAN the Cleaver (Hill Orc Fire Elementalist)     Turns: 8393, Time: 00:16:19

HP:   -1/67 (71)    AC:  9    Str: 15    XL:     9   Next: 49%
MP:   1/11          EV: 16    Int: 18    God:    Fedhas [****..]
Gold: 354           SH:  0    Dex: 14    Spells: 1/11 levels left

rFire   + . .      SeeInvis .    l - +0 battleaxe
rCold   . . .      Faith    .    (shield currently unavailable)
rNeg    . . .      Spirit   .    f - +2 leather armour {Will+}
rPois   .          Reflect  .    u - +0 helmet of Polish {Dex+4}
rElec   .          Harm     .    n - +0 cloak
rCorr   .          Rampage  .    (no gloves)
Will    +....                    i - +1 pair of boots
Stlth   ++                       (no amulet)
HPRegen 0.31/turn                a - +5 ring of evasion
MPRegen 0.12/turn                (no ring)

@: drained
A: fire resistance 1, mutation resistance 1, sense surroundings 1, strong 1
a: Renounce Religion, Wall of Briars, Grow Ballistomycete, Overgrow


You were on level 7 of the Dungeon.
You worshipped Fedhas.
Fedhas was greatly pleased with you.
You visited 1 branch of the dungeon, and saw 7 of its levels.

You collected 516 gold pieces.
You spent 162 gold pieces at shops.

Inventory:

Hand Weapons
 l - a +0 battleaxe (weapon)
Armour
 f - a +2 leather armour of willpower (worn)
 i - a +1 pair of boots (worn)
 n - a +0 cloak (worn)
 u - the +0 helmet of Polish (worn) {Dex+4}
   (You found it on level 6 of the Dungeon)

   Dex:       It affects your dexterity (+4).
Jewellery
 a - a +5 ring of evasion (left hand)
Wands
 c - a wand of polymorph (6)
 m - a wand of light (6)
 v - a wand of iceblast (11)
Scrolls
 e - 3 scrolls of identify {unknown}
 j - a scroll of blinking {unknown}
 k - 3 scrolls of teleportation
 p - a scroll of poison {unknown}
 q - 2 scrolls of magic mapping {unknown}
 r - a scroll of brand weapon {unknown}
Potions
 b - a potion of magic
 d - 2 potions of attraction {unknown}
 g - 2 potions of might {unknown}
 h - 3 potions of curing {unknown}
 o - 2 potions of brilliance {unknown}
 s - a potion of heal wounds {unknown}
 t - a potion of cancellation


   Skills:
 - Level 4.0 Fighting
 + Level 11.8 Axes
 - Level 1.5 Dodging
 - Level 1.5 Stealth
 - Level 1.5 Spellcasting
 - Level 1.0 Conjurations
 - Level 9.1 Fire Magic


You had one spell level left.
You knew the following spells:

 Your Spells              Type           Power      Damage    Failure   Level
a - Foxfire               Conj/Fire      76%        2x1d7     3%          1
b - Scorch                Fire           68%        2d8       1%          2
c - Inner Flame           Hex/Fire       17%        N/A       11%         3
d - Flame Wave            Conj/Fire      19%        2d7       28%         4

Your spell library contained the following spells:

 Spells                   Type           Power      Damage    Failure   Level
 Slow                     Hex            4%         N/A       24%         1
 Kindle Blastsparks       Fire/Tloc/Air  24%        2d12      21%         3
 Momentum Strike          Conj/Tloc      6%         3d8       28%         2
 Blink                    Tloc           2%         N/A       34%         2
 Lesser Beckoning         Tloc           2%         N/A       34%         2
 Stone Arrow              Conj/Erth      6%         3d7       50%         3
 Confusing Touch          Hex            1%         N/A       56%         3
 Vampiric Draining        Necr           1%         2d6       56%         3
 Animate Armour           Summ/Erth      2%         N/A       93%         4
 Cause Fear               Hex            0%         N/A       93%         4
 Dragon Form              Tmut           0%         N/A       100%        7
 Lehudib's Crystal Spear  Conj/Erth      1%         10d2      100%        8
 Dragon's Call            Summ           0%         N/A       100%        9


Dungeon Overview and Level Annotations

Branches:
Dungeon (7/15)             Temple (0/1) D:4

Altars:
Fedhas
Gozag
Makhleb
Sif Muna
Xom
The Shining One

Shops:
D:1 (   D:6 !

Annotations:
D:3 2 transporters, Darius099's ghost, amateur GrFi
D:6 2 runed translucent doors, Hamu's ghost, novice GnWn


Innate Abilities, Weirdness & Mutations

Your flesh is heat resistant. (rF+)
You are somewhat resistant to further mutation.
You passively map a small area around you.
Your muscles are strong. (Str +4, Int/Dex -1)


Message History

Confirm with . or Enter, or press ? or * to list all spells.
Flames lash the wight.
The wight is burned terribly!
The wight is almost destroyed.
The wight hits you from afar with a +4 halberd of freezing.
The wight freezes you.
The wight hits you with a +0 long sword.
You feel drained. The wight barely misses you.
You hit the wight but do no damage.
The wight is almost destroyed.
You closely miss the wight. The wight barely misses you.
The wight hits you with a +0 long sword.
You feel drained. The wight barely misses you.
You closely miss the wight.
The wight is almost destroyed.
You slash the wight! The wight misses you.
The wight hits you with a +0 long sword.
The wight misses you.
You slash the wight!
You destroy the wight!
Fedhas accepts your kill.
You slash the wight!
You destroy the wight!
Fedhas accepts your kill.
The wight hits you from afar with a +4 halberd of freezing.
You feel drained. The wight freezes you.
You barely miss the orc.
The wight hits you from afar with a +4 halberd of freezing!
You feel drained. The wight freezes you!
* * * LOW HITPOINT WARNING * * *
The orc hits you but does no damage.
You hit the orc.
The orc is heavily wounded.
The wight hits you from afar with a +4 halberd of freezing!
* * * LOW HITPOINT WARNING * * *
The wight freezes you.
* * * LOW HITPOINT WARNING * * *
The orc closely misses you.
The wight hits you from afar with a +4 halberd of freezing.
You die...
Fedhas appreciates your contribution to the ecosystem.

, , §§.. §§..§§, * ,, * *
§..§§§ .# * , #§§§§§
#.####.#,
#####§§§####..#..... *
....§.§.........#.# *
*#...........#..#?#
#.####)#..........#.# ,
......†@......##....# ,
.....zo.....†.##...# , ,
...$..#######.##..##
##..#.#............#
*#..*#...#####......#####
* #. #.. #.###....... ,.,
## #..###....... ,
.............. ,, , ,
#...####.......


You could see a wight and an orc.

Vanquished Creatures
  Pikel (D:6)
  A hornet (D:5)
  Grinder (D:3)
  Sigmund (D:3)
  Eustachio (D:4)
  A water moccasin (D:7)
  2 sky beasts (D:7)
  A phantom (D:5)
  A scorpion (D:5)
  2 wights (D:7)
  A crimson imp (D:6)
  2 hounds
  Crazy Yiuf (D:2)
  2 orc priests
  A gnoll bouda (D:5)
  5 iguanas
  Natasha (thrice) (D:3)
  3 orc wizards
  13 gnolls
  2 adders
  A shadow imp (D:3)
  3 dart slugs
  15 orcs
  A ball python (D:1)
  6 bats
  3 endoplasms
  2 giant cockroaches
  38 goblins
  28 hobgoblins
  8 jackals
  3 quokkas
  5 frilled lizards
  5 kobolds
  5 rats
168 creatures vanquished.

Vanquished Creatures (others)
  5 dream sheep (D:5)
  148 foxfires
  5 fungi (D:5)
  3 toadstools (D:5)
161 creatures vanquished.

Grand Total: 329 creatures vanquished

Notes
Turn   | Place    | Note
-------+----------+-------------------------------------------
     0 | D:1      | ASSMAN the Hill Orc Fire Elementalist began the quest for
                  | the Orb.
     0 | D:1      | Reached XP level 1. HP: 14/14 MP: 3/3
    26 | D:1      | Found Puemm's Antique Weapon Boutique.
   269 | D:1      | Reached XP level 2. HP: 17/20 MP: 0/4
   413 | D:1      | Found a faded altar of an unknown god.
   501 | D:1      | Prayed at the altar of an unknown god.
   501 | D:1      | Became a worshipper of Fedhas Madash
   501 | D:1      | Reached * piety under Fedhas
  1090 | D:2      | Learned a level 2 spell: Scorch
  1099 | D:2      | Reached XP level 3. HP: 26/26 MP: 1/5
  1831 | D:2      | Found a runed translucent door.
  1832 | D:2      | Noticed Crazy Yiuf
  1851 | D:2      | Killed Crazy Yiuf
  1852 | D:2      | Reached skill level 5 in Fire Magic
  1852 | D:2      | Reached XP level 4. HP: 11/33 MP: 3/6
  2182 | D:3      | Found a glowing golden altar of the Shining One.
  2186 | D:3      | Found a shimmering blue altar of Sif Muna.
  2228 | D:3      | Found a transporter.
  2230 | D:3      | Noticed Darius099's ghost (amateur GrFi)
  2247 | D:3      | Found a transporter.
  2368 | D:3      | HP: 1/33 [something (3)]
  2371 | D:3      | Gained mutation: Your flesh is heat resistant. (rF+)
                  | [potion of mutation]
  2371 | D:3      | Gained mutation: You passively map a small area around you.
                  | [potion of mutation]
  2371 | D:3      | Gained mutation: You are somewhat resistant to further
                  | mutation. [potion of mutation]
  2371 | D:3      | Gained mutation: Your muscles are strong. (Str +4, Int/Dex
                  | -1) [potion of mutation]
  2376 | D:3      | Reached XP level 5. HP: 4/38 MP: 2/7
  2681 | D:3      | Noticed Grinder
  2941 | D:3      | Noticed Natasha
  2943 | D:3      | Killed Natasha
  3029 | D:3      | Noticed Sigmund
  3033 | D:3      | Killed Sigmund
  3033 | D:3      | Reached ** piety under Fedhas
  3034 | D:3      | Reached XP level 6. HP: 41/45 MP: 1/8
  3034 | D:3      | Noticed Natasha
  3044 | D:3      | Killed Natasha
  3119 | D:3      | Noticed Natasha
  3125 | D:3      | Killed Natasha
  3383 | D:3      | Paralysed by Grinder for 5 turns
  3390 | D:3      | Paralysed by Grinder for 5 turns
  3396 | D:3      | Killed Grinder
  3397 | D:3      | Reached XP level 7. HP: 23/50 MP: 6/9
  3738 | D:4      | Found a staircase to the Ecumenical Temple.
  3983 | D:4      | Reached skill level 1 in Fighting
  3983 | D:4      | Reached skill level 1 in Axes
  4129 | D:4      | Noticed Eustachio
  4147 | D:4      | Killed Eustachio
  4148 | D:4      | Reached skill level 2 in Axes
  4245 | D:4      | Learned a level 3 spell: Inner Flame
  4357 | D:4      | Reached skill level 3 in Axes
  4635 | D:4      | Reached *** piety under Fedhas
  4879 | D:4      | Reached XP level 8. HP: 63/63 MP: 8/10
  5008 | D:4      | Reached **** piety under Fedhas
  5149 | D:4      | Reached skill level 4 in Axes
  6028 | D:1      | Bought a battleaxe for 162 gold pieces
  6163 | D:5      | Entered Level 5 of the Dungeon
  6191 | D:5      | Noticed a hornet
  6565 | D:5      | Reached skill level 5 in Axes
  6628 | D:5      | Paralysed by a hornet for 3 turns
  6631 | D:5      | Killed a hornet
  6632 | D:5      | Reached skill level 6 in Axes
  6795 | D:5      | Reached skill level 7 in Axes
  6897 | D:5      | Noticed a dream sheep
  6897 | D:5      | Noticed a dream sheep
  6897 | D:5      | Noticed a dream sheep
  6897 | D:5      | Noticed a dream sheep
  6897 | D:5      | Noticed a dream sheep
  6897 | D:5      | Found a shimmering altar of Xom.
  6902 | D:5      | Killed a dream sheep
  6902 | D:5      | Killed a dream sheep
  6902 | D:5      | Killed a dream sheep
  6903 | D:5      | Killed a dream sheep
  6903 | D:5      | Killed a dream sheep
  7195 | D:5      | Found an opulent altar of Gozag.
  7466 | D:6      | Reached skill level 8 in Axes
  7474 | D:6      | Identified the +0 helmet of Polish {Dex+4}
  7727 | D:6      | Found a burning altar of Makhleb.
  7767 | D:6      | Reached skill level 9 in Axes
  7841 | D:6      | Found a runed translucent door.
  7848 | D:6      | Noticed Pikel
  7849 | D:6      | Noticed Hamu's ghost (novice GnWn)
  7859 | D:6      | Killed Pikel
  7860 | D:6      | Reached skill level 10 in Axes
  7860 | D:6      | Reached XP level 9. HP: 49/71 MP: 1/11
  7967 | D:6      | Found Gecacoc's Distillery.
  7980 | D:6      | Learned a level 4 spell: Flame Wave
  7998 | D:6      | Found a runed translucent door.
  8325 | D:7      | Reached skill level 11 in Axes
  8393 | D:7      | HP: 2/67 [wight/+4 halberd of freezing (5)]
  8393 | D:7      | Slain by a wight

Illustrated notes

Levels and vault maps discovered:
D:1:      zelgadis_glass_arrival_small, layout_loops_ring,
          ebering_ecumenical_altar_box, serial_shops, shop
D:2:      layout_loops_corners, uniq_crazy_yiuf_cottage
D:3:      layout_loops_ring, nicolae_sif_muna_condensation,
          mainiacjoe_overflow_tiny_flanked, gammafunk_ghost_stat_death,
          uniq_sigmund, uniq_natasha, uniq_grinder
D:4:      minmay_goblin_kobold_castle, layout_basic,
          minmay_temple_entry_statues_fountains, uniq_eustachio
D:5:      layout_basic, grunt_gozag_statues, kb_xom_exploding_sheep,
          minmay_gold_behind_fungi, kennysheep_generic_room_12
D:6:      layout_basic, makhleb_grotto_becter, serial_shops, shop,
          ebering_ghost_sewer_f, uniq_pikel
D:7:      layout_rooms, nicolae_dithmenos_the_darkroom, ashenzari_altar_1,
          minmay_misc_feat_more_columns

Skill      XL: |  1  2  3  4  5  6  7  8  9 |
---------------+----------------------------+-----
Fire Magic     | 4 5 6 7 9 |  9.1
Fighting       | 3 4 |  4.0
Axes           | 3 10 11 | 11.8
Dodging        | |  1.5
Stealth        | |  1.5
Spellcasting   | |  1.5
Conjurations   | |  1.0

Action                     |  1- 3 |  4- 6 |  7- 9 || total
---------------------------+-------+-------+-------++-------
  Melee: Unarmed           |    12 |    71 |       ||    83
         Hand axe          |       |       |   150 ||   150
         Battleaxe         |       |       |    75 ||    75
         Punch             |       |       |     3 ||     3
   Cast: Foxfire           |    51 |     8 |    36 ||    95
         Scorch            |     4 |    28 |    68 ||   100
    Use: Potion            |     1 |     9 |       ||    10
         Scroll            |       |       |     4 ||     4
   Stab: Sleeping          |       |       |     2 ||     2
 Armour: Robe              |    16 |    43 |    26 ||    85
         Skin              |       |     7 |       ||     7
         Leather armour    |       |       |    97 ||    97
  Dodge: Dodged            |    30 |    33 |   261 ||   324

Table legend: (Time is in decaauts)
 A = Elapsed time spent in this place.
 B = Non-inter-level travel time spent in this place.
 C = Inter-level travel time spent in this place.
 D = Time resting spent in this place.
 E = Time spent auto-exploring this place.
 F = Levels seen in this place.
 G = Mean time per level.
                   A        B        C        D        E       F      G
               +--------+--------+--------+--------+--------+-----+--------+
         Total |   8445 |   8008 |    437 |   1014 |   5800 |   7 | 1206.4 |
       Dungeon |   8445 |   8008 |    437 |   1014 |   5800 |   7 | 1206.4 |
               +--------+--------+--------+--------+--------+-----+--------+

Top non-repeatable levels by time:
     D:4: 2312 daAuts
     D:3: 1433 daAuts
     D:2: 1404 daAuts
     D:5: 1304 daAuts
     D:1: 1043 daAuts
     D:6: 797 daAuts
     D:7: 150 daAuts
